 Dungeon Crawl Stone Soup version 0.30-a0-585-g93115170b9 (webtiles) character file.

Game seed: 2101722647318651374

2111 Crownlay the Ducker (level 9, -4/74 HPs)
             Began as a Gnoll Wanderer on Jan 1, 2023.
             Was a Follower of Cheibriados.
             Slain by an orc warrior
             ... wielding a +0 battleaxe
              (9 damage)
             ... on level 6 of the Dungeon.
             The game lasted 00:12:25 (7233 turns).

Crownlay the Ducker (Gnoll Wanderer)                Turns: 7233, Time: 00:12:25

Health: -4/74      AC: 12    Str: 12    XL:     9   Next: 28%
Magic:  0/15       EV: 12    Int: 16    God:    Cheibriados [*.....]
Gold:   331        SH:  0    Dex: 17    Spells: 16/16 levels left

rFire   . . .      SeeInvis .    a - +0 falchion
rCold   + . .      Faith    .    (no shield)
rNeg    . . .      Spirit   +    y - +1 scale mail {rC+}
rPois   .          Reflect  .    n - +0 helmet
rElec   .          Harm     .    (no cloak)
rCorr   .          Rampage  .    h - +1 pair of gloves {hurl}
Will    .....                    b - +0 pair of boots
Stlth   ++                       p - amulet of guardian spirit
HPRegen 0.32/turn                (no ring)
MPRegen 0.14/turn                (no ring)

@: brilliant, very slow
A: fangs 1, strong nose, distributed training
a: Renounce Religion, Bend Time


You were on level 6 of the Dungeon.
You worshipped Cheibriados.
Cheibriados was aware of your devotion.
You visited 2 branches of the dungeon, and saw 7 of its levels.
You also visited: Sewer.

You collected 331 gold pieces.

Inventory:

Hand Weapons
 a - a +0 falchion (weapon)
 d - a +2 flail of protection
Armour
 b - a +0 pair of boots (worn)
 h - a +1 pair of gloves of hurling (worn)
 n - a +0 helmet (worn)
 y - a +1 scale mail of cold resistance (worn)
Jewellery
 p - an amulet of guardian spirit (around neck)
Scrolls
 c - a scroll of fog
 f - 3 scrolls of amnesia {unknown}
 j - 8 scrolls of identify
 l - 2 scrolls of immolation
 q - 2 scrolls of poison {unknown}
 s - 2 scrolls of teleportation
 x - 2 scrolls of magic mapping {unknown}
 z - a scroll of fear {unknown}
Potions
 e - 3 potions of haste
 g - a potion of degeneration {unknown}
 k - a potion of mutation {unknown}
 m - 3 potions of berserk rage {unknown}
 r - 5 potions of flight
 t - a potion of resistance {unknown}
 v - a potion of cancellation {unknown}


   Skills:
 + Level 7.9 Fighting
 + Level 4.2 Short Blades
 + Level 6.3 Long Blades
 + Level 4.2 Axes
 + Level 4.2 Maces & Flails
 + Level 4.2 Polearms
 + Level 4.2 Staves
 + Level 4.2 Ranged Weapons
 + Level 4.2 Throwing
 + Level 4.2 Armour
 + Level 7.9 Dodging
 + Level 6.0 Stealth
 + Level 4.2 Shields
 + Level 4.2 Unarmed Combat
 + Level 4.2 Spellcasting
 + Level 3.5 Conjurations
 + Level 3.5 Hexes
 + Level 3.5 Summonings
 + Level 3.5 Necromancy
 + Level 3.5 Translocations
 + Level 3.5 Transmutations
 + Level 3.5 Fire Magic
 + Level 3.5 Ice Magic
 + Level 3.5 Air Magic
 + Level 3.5 Earth Magic
 + Level 3.5 Poison Magic
 + Level 4.7 Invocations
 + Level 4.2 Evocations


You had 16 spell levels left.
You didn't know any spells.
Your spell library was empty.

Dungeon Overview and Level Annotations

Branches:
Dungeon (6/15)             Temple (1/1) D:5           Sewer (visited)

Altars:
Cheibriados
Fedhas
Gozag
Hepliaklqana
Kikubaaqudgha
Nemelex Xobeh
Okawaru
Sif Muna
Uskayaw
Wu Jian
Xom
Yredelemnul
Zin
The Shining One

Shops:
D:6 *

Annotations:
D:5 Grinder


Innate Abilities, Weirdness & Mutations

You have very sharp teeth.
Your uncanny sense of smell can sniff out nearby items.
Your experience applies equally to all skills.


Message History

The orc warrior hits you with a +0 battleaxe!
* * * LOW HITPOINT WARNING * * *
You feel better. The orc warrior barely misses you.
You closely miss the orc warrior.
The orc warrior is severely wounded.
The orc warrior closely misses you.
You barely miss the orc warrior.
The orc warrior is severely wounded.
The orc warrior hits you with a +0 battleaxe.
* * * LOW HITPOINT WARNING * * *
You feel better.
The orc warrior hits you with a +0 battleaxe.
* * * LOW HITPOINT WARNING * * *
It was a potion of brilliance.
You feel clever all of a sudden. The orc warrior misses you.
An orc warrior is nearby!
You hit the orc warrior but do no damage.
You punch the orc warrior. Your bite misses the orc warrior.
The orc warrior is severely wounded.
The orc warrior misses you.
Okay, then.
You closely miss the orc warrior. Your bite misses the orc warrior.
The orc warrior is severely wounded.
The orc warrior barely misses you.
You barely miss the orc warrior. Your punch misses the orc warrior.
You bite the orc warrior, but do no damage.
The orc warrior is severely wounded.
The orc warrior closely misses you.
You hit the orc warrior but do no damage.
The orc warrior is severely wounded.
The orc warrior barely misses you.
You closely miss the orc warrior.
You bite the orc warrior, but do no damage.
The orc warrior is severely wounded.
The orc warrior hits you but does no damage.
You hit the orc warrior. Your bite misses the orc warrior.
The orc warrior is almost dead.
The orc warrior hits you with a +0 battleaxe!
You die...

##..# ##...# ##..## ##...#
##...## ##..## ##...# ##...##
##...# ##...# ###....# ###...## #
##....# ##.....## ##.....# ##
.....o###......# ###.....## ###.
...†#.o........###.......# ###...
###.###)........)........###.....
..#.###........o@............##.#
..............#..######.#######..
#.#.######....##.######.# ###
#.#... ..............#.#
#.######.........#....#.#
#.##.............#....#.#########
#................#....#..........
####.###.........#....##.....####
......................''.....'...


You could see an orc warrior.

Vanquished Creatures
  A hornet (D:6)
  A black bear (D:4)
  An ice beast (D:6)
  3 centaurs
  A phantom (D:6)
  2 necrophages (D:6)
  4 bullfrogs (D:6)
  5 scorpions (D:6)
  3 orc priests
  3 jellies
  7 iguanas
  A merfolk siren (Sewer)
  2 river rats (Sewer)
  10 adders
  2 worms (D:2)
  4 dart slugs
  10 orcs
  7 endoplasms
  7 giant cockroaches
  3 goblins
  11 hobgoblins
  7 quokkas
  10 ball pythons
  3 bats
  8 frilled lizards
  4 kobolds
  26 rats
146 creatures vanquished.

Vanquished Creatures (collateral kills)
  Edmund (D:4)
  A merfolk avatar (Sewer)
2 creatures vanquished.

Grand Total: 148 creatures vanquished

Notes
Turn   | Place    | Note
-------+----------+-------------------------------------------
     0 | D:1      | Crownlay the Gnoll Wanderer began the quest for the Orb.
     0 | D:1      | Crownlay set off with the following items: a +0 falchion, a
                  | +2 leather armour, a scroll of fog, a scroll of summoning.
     0 | D:1      | Reached XP level 1. HP: 23/23 MP: 1/1
   103 | D:1      | Reached XP level 2. HP: 27/29 MP: 2/2
   529 | D:1      | Found a faded altar of an unknown god.
   533 | D:1      | Reached XP level 3. HP: 35/35 MP: 3/3
   672 | D:2      | Reached skill level 1 in Invocations
   750 | D:2      | Reached skill level 1 in Short Blades
   750 | D:2      | Reached skill level 1 in Axes
   750 | D:2      | Reached skill level 1 in Maces & Flails
   750 | D:2      | Reached skill level 1 in Polearms
   750 | D:2      | Reached skill level 1 in Staves
   750 | D:2      | Reached skill level 1 in Ranged Weapons
   750 | D:2      | Reached skill level 1 in Throwing
   750 | D:2      | Reached skill level 1 in Armour
   750 | D:2      | Reached skill level 1 in Shields
   750 | D:2      | Reached skill level 1 in Unarmed Combat
   750 | D:2      | Reached skill level 1 in Spellcasting
   750 | D:2      | Reached skill level 1 in Evocations
   849 | D:2      | Reached XP level 4. HP: 41/41 MP: 5/5
  1274 | D:2      | Reached skill level 1 in Conjurations
  1274 | D:2      | Reached skill level 1 in Hexes
  1274 | D:2      | Reached skill level 1 in Summonings
  1274 | D:2      | Reached skill level 1 in Necromancy
  1274 | D:2      | Reached skill level 1 in Translocations
  1274 | D:2      | Reached skill level 1 in Transmutations
  1274 | D:2      | Reached skill level 1 in Fire Magic
  1274 | D:2      | Reached skill level 1 in Ice Magic
  1274 | D:2      | Reached skill level 1 in Air Magic
  1274 | D:2      | Reached skill level 1 in Earth Magic
  1274 | D:2      | Reached skill level 1 in Poison Magic
  1808 | D:3      | Found a glowing drain.
  1826 | Sewer    | Entered a sewer
  1867 | Sewer    | Reached XP level 5. HP: 46/47 MP: 5/7
  2211 | Sewer    | Noticed a malarious merfolk avatar
  2250 | Sewer    | Killed a malarious merfolk avatar
  2740 | D:3      | Found a sparkling altar of Nemelex Xobeh.
  2801 | D:3      | Reached XP level 6. HP: 53/53 MP: 8/8
  3249 | D:4      | Found a glowing golden altar of the Shining One.
  3443 | D:4      | Found an ancient bone altar of Kikubaaqudgha.
  3446 | D:4      | Found an opulent altar of Gozag.
  3495 | D:4      | Noticed Edmund
  3525 | D:4      | Killed Edmund
  3526 | D:4      | Reached skill level 5 in Long Blades
  3974 | D:4      | Found an iron altar of Okawaru.
  4024 | D:5      | Entered Level 5 of the Dungeon
  4152 | D:5      | Reached XP level 7. HP: 41/60 MP: 7/10
  4832 | D:5      | Reached skill level 5 in Stealth
  5031 | D:5      | Noticed Grinder
  5044 | D:5      | Paralysed by Grinder for 3 turns
  5374 | D:5      | Found a staircase to the Ecumenical Temple.
  5394 | Temple   | Entered the Ecumenical Temple
  5438 | Temple   | Became a worshipper of Cheibriados the Contemplative
  5632 | D:6      | Reached XP level 8. HP: 64/67 MP: 12/12
  5722 | D:6      | Noticed a hornet
  5736 | D:6      | HP: 3/67 [centaur/arrow (3)]
  6004 | D:6      | Paralysed by a hornet for 1 turns
  6006 | D:6      | Killed a hornet
  6350 | D:6      | Reached * piety under Cheibriados
  6351 | D:6      | Reached XP level 9. HP: 73/73 MP: 14/14
  6512 | D:6      | Found Ynaimoz's Mayhem Merchandise.
  7222 | D:6      | HP: 1/74 [orc warrior/+0 battleaxe (12)]
  7233 | D:6      | Slain by an orc warrior

Illustrated notes

Levels and vault maps discovered:
D:1:      wander_arrival_abandoned_jail, layout_rooms,
          shapermc_ecumenical_altar_pompeii, kennysheep_boxes
D:2:      layout_loops_cross, nrook_uturn, kennysheep_nub,
          kennysheep_generic_room_8
D:3:      layout_loops_cross, nemelex_xobeh_ov_fountains_minmay,
          gup_sewer_entry_pipe, minmay_stone_trees_large, kennysheep_cross_room,
          serial_park_tiny_1
D:4:      layout_loops_corners, hellmonk_okawaru_the_only_friend_you_need,
          mainiacjoe_overflow_divided_tiny, mainiacjoe_overflow_surrounded_room,
          minmay_misc_feat_more_columns, kennysheep_generic_room_12, uniq_edmund
D:5:      layout_gridville, temple_statues, uniq_grinder
D:6:      minmay_thick_lines, layout_basic, minmay_shop_mayhem,
          chequers_serial_rivers_micro_e
Temple:   jpeg_temple_island

Skill      XL: |  1  2  3  4  5  6  7  8  9 |
---------------+----------------------------+-----
Invocations    | 1 2 3 4 |  4.7
Short Blades   | 1 2 3 4 |  4.2
Axes           | 1 2 3 4 |  4.2
Maces & Flails | 1 2 3 4 |  4.2
Polearms       | 1 2 3 4 |  4.2
Staves         | 1 2 3 4 |  4.2
Ranged Weapons | 1 2 3 4 |  4.2
Throwing       | 1 2 3 4 |  4.2
Armour         | 1 2 3 4 |  4.2
Shields        | 1 2 3 4 |  4.2
Unarmed Combat | 1 2 3 4 |  4.2
Spellcasting   | 1 2 3 4 |  4.2
Evocations     | 1 2 3 4 |  4.2
Conjurations   | 1 2 3 |  3.5
Hexes          | 1 2 3 |  3.5
Summonings     | 1 2 3 |  3.5
Necromancy     | 1 2 3 |  3.5
Translocations | 1 2 3 |  3.5
Transmutations | 1 2 3 |  3.5
Fire Magic     | 1 2 3 |  3.5
Ice Magic      | 1 2 3 |  3.5
Air Magic      | 1 2 3 |  3.5
Earth Magic    | 1 2 3 |  3.5
Poison Magic   | 1 2 3 |  3.5
Long Blades    | 5 6 |  6.3
Fighting       | 7 |  7.9
Dodging        | 7 |  7.9
Stealth        | 5 6 |  6.0

Action                   |  1- 3 |  4- 6 |  7- 9 || total
-------------------------+-------+-------+-------++-------
Melee: Falchion          |    73 |   278 |   319 ||   670
       Bite              |     6 |    24 |    49 ||    79
       Punch             |       |     2 |    11 ||    13
Throw: Throwing net      |       |       |     1 ||     1
  Use: Scroll            |       |     2 |     4 ||     6
       Potion            |       |       |    14 ||    14
 Stab: Sleeping          |     4 |     3 |     2 ||     9
       Distracted        |       |     1 |       ||     1
Armor: Leather armour    |    17 |    17 |       ||    34
       Chain mail        |       |   121 |       ||   121
       Scale mail        |       |     9 |   207 ||   216
Dodge: Dodged            |    49 |   105 |   254 ||   408

Table legend: (Time is in decaauts)
 A = Elapsed time spent in this place.
 B = Non-inter-level travel time spent in this place.
 C = Inter-level travel time spent in this place.
 D = Time resting spent in this place.
 E = Time spent auto-exploring this place.
 F = Levels seen in this place.
 G = Mean time per level.
                   A        B        C        D        E       F      G
               +--------+--------+--------+--------+--------+-----+--------+
         Total |   7611 |   7367 |    244 |    338 |   5412 |   8 |  951.4 |
       Dungeon |   6819 |   6622 |    197 |    338 |   4948 |   6 | 1136.5 |
        Temple |     93 |     46 |     47 |      0 |     33 |   1 |   93.0 |
         Sewer |    698 |    698 |      0 |      0 |    430 |   1 |  698.0 |
               +--------+--------+--------+--------+--------+-----+--------+

Top non-repeatable levels by time:
     D:6: 1911 daAuts
     D:4: 1286 daAuts
     D:5: 1211 daAuts
     D:2: 1054 daAuts
     D:3: 714 daAuts
   Sewer: 698 daAuts
     D:1: 641 daAuts
  Temple: 93 daAuts
